Cogmind - Beta 15 @@@ ROGUE MODE // 2025.08.11 @ 16:50:01 Player: winnking222 Result: Self-destructed Performance ------------- Evolutions (0) 0 Regions Visited (3) 600 Robots Destroyed (20) 100 Value Destroyed (462) 462 Prototype IDs (11) 220 Alien Tech Used (0) 0 Bonus (0) 0 TOTAL SCORE: 1382 Bonus ------- None Cogmind --------- Core Integrity 165/250 Matter 286/300 Energy 250/250 System Corruption 0% Temperature Cool (0) Movement Rolling (110) Location -7/Scraptown Parts ------- > --- POWER (1) -------- Ion Engine > --- PROPULSION (2) --- Spiked Treads Subdweller Monowheel > --- UTILITY (2) ------ Small Storage Unit Seismic Detector > --- WEAPON (2) ------- Subdweller Machine Gun Subdweller Machine Gun > --- INVENTORY (8) ---- Subdweller Power Source Subdweller Monowheel Subdweller Optics Subdweller Optics Subdweller Optics Gun Armor Scrap Shield Peak State ------------ > --- POWER ------------ Ion Engine > --- PROPULSION ------- Light Treads Spiked Treads > --- UTILITY ---------- Scrap Shield > --- WEAPON ----------- Subdweller Machine Gun Barrage Gun > --- INVENTORY -------- Light Treads Small Storage Unit Gun Armor Subdweller Machine Gun [Rating: 14] Favorites ----------- Power Ion Engine Engine Ion Engine Propulsion Light Treads Treads Light Treads Leg Aluminum Leg Wheel Subdweller Monowheel Utility Small Storage Unit Device Seismic Detector Storage Small Storage Unit Protection Scrap Shield Weapon Subdweller Machine Gun Energy Gun Medium Laser Ballistic Gun Subdweller Machine Gun Build | -11 -10 -10 -7 ------- Run | Yrd Mat Sub Scr Slots Evolved . | . . . . Power . | . . . . Propulsion . | . . . . Utility . | . . . . Weapon . | . . . . Parts Attached 20 | 7 . 13 . Power 3 | 1 . 2 . Engine 3 | 1 . 2 . Core . | . . . . Reactor . | . . . . Propulsion 6 | 3 . 3 . Treads 3 | 2 . 1 . Leg 1 | 1 . . . Wheel 2 | . . 2 . Hover . | . . . . Flight . | . . . . Utility 4 | 1 . 3 . Device 2 | . . 2 . Storage 1 | 1 . . . Processor . | . . . . Hackware . | . . . . Protection 1 | . . 1 . Artifact . | . . . . Weapon 7 | 2 . 5 . Energy Gun 1 | 1 . . . Energy Cannon . | . . . . Ballistic Gun 6 | 1 . 5 . Ballistic Cannon . | . . . . Launcher . | . . . . Special Weapon . | . . . . Impact Weapon . | . . . . Slashing Weapon . | . . . . Piercing Weapon . | . . . . Special Melee Weapon . | . . . . Unidentified Prototypes . | . . . . Parts Lost 2 | . . 2 . Power 1 | . . 1 . Propulsion . | . . . . Utility 1 | . . 1 . Weapon . | . . . . Highest Loss Streak 2 | . . 2 . To Critical Strikes . | . . . . Average Backups 6 | 5 6 6 7 Power 1 | 1 1 1 1 Propulsion 1 | 2 3 1 1 Utility 2 | 1 2 2 5 Weapon . | . . . . Tool/Special . | . . . . Unused Backups 7 | . . 4 3 Power 1 | . . . 1 Propulsion 2 | . . 2 . Utility 4 | . . 2 2 Weapon . | . . . . Tool/Special . | . . . . Average Slot Usage (%) 92 | . 85 92 100 Engine 13 | . 14 13 14 Treads 23 | . 28 23 14 Wheel 4 | . . 4 14 Device 7 | . . 7 14 Storage 8 | . 14 8 14 Protection 5 | . . 5 . Energy Gun 1 | . 14 . . Ballistic Gun 26 | . 14 27 28 Peak Build Rating 14 | 6 6 14 13 Average Rating 11 | 5 6 11 13 On Entrance 6 | . 6 6 13 Naked Turns . | . . . . Heaviest Build 31 | 14 14 31 . Greatest Support 40 | 40 40 40 . Greatest Overweight (x) 10 | . . 10 . Average Overweight (x) . | . . . . Largest Inventory Capacity 8 | 8 8 8 8 Average Capacity 6 | 7 8 6 8 Most Carried 8 | 6 7 8 8 Average Carried 6 | 5 6 6 8 Final Capacity 8 | 8 8 8 8 Final Carried 8 | 6 7 8 8 Class Distribution -------------------- 69% | Mutant 29% | Subdweller-Mutant Dominant Class ---------------- Mutant | -10/Materials Mutant | -10/Subcaves Mutant | -7/Scraptown Resources | -11 -10 -10 -7 ----------- Run | Yrd Mat Sub Scr Matter Collected 859 | 300 . 559 . Remotely . | . . . . Salvage Created 650 | 83 . 567 . Parts 48 | 17 . 31 . Haulers Intercepted . | . . . . Recyclers Shooed . | . . . . Parts Field Recycled . | . . . . Retrieved Matter . | . . . . Parts Self-Destructed 28 | . . 28 . Prevented . | . . . . Kills | -11 -10 -10 -7 ------- Run | Yrd Mat Sub Scr Combat Hostiles Destroyed 12 | . . 12 . Guns 12 | . . 12 . Classes Destroyed 7 | 2 . 5 . Worker 1 | 1 . . . Tunneler 5 | 5 . . . Turret 2 | . . 2 . Swarmer 4 | . . 4 . Grunt 2 | . . 2 . Sentry 1 | . . 1 . Subdweller 5 | . . 5 . Best Kill Streak 5 | 5 . 4 . Combat Bots Only 4 | . . 4 . Max Kills in Single Turn 2 | 1 . 2 . Gunslinging . | . . . . Exploded . | . . . . Melee . | . . . . Uniques/NPCs Destroyed . | . . . . Combat | -11 -10 -10 -7 -------- Run | Yrd Mat Sub Scr Hostile Shots Fired 127 | . . 127 . Missed 32 | . . 32 . Hits 95 | . . 95 . Projectile 95 | . . 95 . Damage Taken 1037 | . . 1037 . Core 85 | . . 85 . Absorbed by Shields . | . . . . Core Remaining (%) 100 | 100 . . . Volleys Fired 97 | 10 . 86 1 Largest 2 | 2 . 2 2 Hottest 70 | 70 . 60 60 Shots Fired 185 | 19 . 164 2 Gun 185 | 19 . 164 2 Cannon . | . . . . Launcher . | . . . . Special . | . . . . Kinetic 176 | 10 . 164 2 Thermal 9 | 9 . . . Explosive . | . . . . Electromagnetic . | . . . . Robot Hit Streak 23 | 7 . 23 . Robot Miss Streak 3 | 1 . 3 . Penetration Max . | . . . . Secondary Targets 1 | . . 1 . Max Gunslinging Chain 1 | . . 1 . Shots Hit Robots 99 | 12 . 87 . Core Hits 35 | 6 . 29 . Critical Kills . | . . . . Critical Parts Destroyed 1 | . . 1 . Critical Strikes 2 | . . 2 . Destroy 2 | . . 2 . Melee Attacks . | . . . . Impact . | . . . . Slashing . | . . . . Piercing . | . . . . Sneak Attacks . | . . . . Combat Hostiles . | . . . . Follow-up Attacks . | . . . . Damage Inflicted 1759 | 167 . 1592 . Guns 1759 | 167 . 1592 . Cannons . | . . . . Explosions . | . . . . Melee . | . . . . Ramming . | . . . . Kinetic 1682 | 90 . 1592 . Thermal 77 | 77 . . . Explosive . | . . . . Electromagnetic . | . . . . Impact . | . . . . Slashing . | . . . . Piercing . | . . . . Highest Corruption . | . . . . Average Corruption . | . . . . Corruption Purged . | . . . . Corruption Blocked . | . . . . Overload Shots . | . . . . Overflow Damage . | . . . . Projectiles . | . . . . Explosions . | . . . . Melee . | . . . . Knockbacks . | . . . . Impact . | . . . . Kinetic . | . . . . Secondary . | . . . . Self-Inflicted Damage . | . . . . Shots . | . . . . Rammed . | . . . . Targets Rammed . | . . . . Kicked . | . . . . Crushed . | . . . . Highest Temperature 27 | 27 . 25 . Average Temperature 11 | 11 . 12 . Received Heat Transfer 351 | . . 351 . Siege Activations . | . . . . Martial Activations . | . . . . Shielding Activations . | . . . . Robots Disrupted . | . . . . Combat Hostiles . | . . . . Robots Corrupted . | . . . . Combat Hostiles . | . . . . Parts Fried . | . . . . Impact Corruptions . | . . . . Robots Melted . | . . . . Combat Hostiles . | . . . . Parts Melted . | . . . . Heat Transferred 222 | 222 . . . Parts Sabotaged . | . . . . Parts Stolen . | . . . . Parts Stripped . | . . . . Power Chain Reactions . | . . . . Alert | -11 -10 -10 -7 ------- Run | Yrd Mat Sub Scr Maximum Alert Level . | . . . . Low Security (%) 100 | 100 100 . . Level 1 . | . . . . Level 2 . | . . . . Level 3 . | . . . . Level 4 . | . . . . Level 5 . | . . . . High Security . | . . . . Max Security . | . . . . Peak Influence 10 | 10 . . . Initial . | . . . . Average . | 2 . . . Influence Increases 280 | 30 . 250 . Destroy 0b10 Robot/C 180 | . . 180 . Destroy 0b10 Robot/NC 30 | 30 . . . Destroy Leader 10 | . . 10 . Lose Combat Pursuer 60 | . . 60 . Influence Decreases 280 | 30 . 189 61 Entered New Map 61 | . . . 61 Time Decay 199 | 30 . 169 . Lost Part 20 | . . 20 . Squads Dispatched . | . . . . Investigation . | . . . . Extermination . | . . . . Reinforcement . | . . . . Assault . | . . . . Garrison . | . . . . Intercept . | . . . . Searches Triggered . | . . . . Construction Impeded . | . . . . Haulers Reinforced . | . . . . Active Scanning Responses . | . . . . Cargo Convoy Interrupts . | . . . . Stealth | -11 -10 -10 -7 --------- Run | Yrd Mat Sub Scr Distress Signals . | . . . . Communications Jammed . | . . . . Distress Signals . | . . . . Times Spotted 20 | . 1 19 . Peak Tracking Total 6 | . 2 6 . Tactical Retreats 2 | . . 2 . Traps | -11 -10 -10 -7 ------- Run | Yrd Mat Sub Scr Traps Triggered 1 | . . 1 . Indirectly . | . . . . Trap Hack Attempts . | . . . . Triggered . | . . . . Disarmed . | . . . . Reprogrammed . | . . . . Reused . | . . . . Traps Extracted . | . . . . Installed . | . . . . Triggered . | . . . . Machines | -11 -10 -10 -7 ---------- Run | Yrd Mat Sub Scr Machines Disabled 3 | . . 2 1 Max in Single Turn 1 | . . 1 1 Machines Repaired . | . . . . Machines Dismantled . | . . . . Machines Sabotaged . | . . . . Overloaded Fab Kills . | . . . . Hacking | -11 -10 -10 -7 --------- Run | Yrd Mat Sub Scr Machines Accessed 2 | . . 2 . Terminals . | . . . . Fabricators . | . . . . Repair Stations . | . . . . Recycling Units . | . . . . Scanalyzers . | . . . . Garrison Access . | . . . . Total Hacks 12 | . . 12 . Successful 12 | . . 12 . Failed . | . . . . Catastrophic . | . . . . Database Lockouts . | . . . . Manual . | . . . . Terminals . | . . . . Fabricators . | . . . . Repair Stations . | . . . . Recycling Units . | . . . . Scanalyzers . | . . . . Garrison Access . | . . . . Terminal Hacks 12 | . . 12 . Record 11 | . . 11 . Proto ID Catalog 1 | . . 1 . Fabricator Hacks . | . . . . Repair Station Hacks . | . . . . Recycling Unit Hacks . | . . . . Scanalyzer . | . . . . Garrison Access Hacks . | . . . . Unauthorized Hacks . | . . . . Terminals . | . . . . Fabricators . | . . . . Repair Stations . | . . . . Recycling Units . | . . . . Scanalyzers . | . . . . Garrison Access . | . . . . Data Cores Recovered . | . . . . Used . | . . . . Hacking Detections . | . . . . Full Trace Events . | . . . . Feedback Events . | . . . . Feedback Blocked . | . . . . Robot Schematics Acquired . | . . . . Robots Built . | . . . . Authchips . | . . . . Time . | . . . . Total Robot Build Rating . | . . . . Part Schematics Acquired . | . . . . Parts Built . | . . . . Authchips . | . . . . Time . | . . . . Total Part Build Rating . | . . . . Parts Repaired . | . . . . Time . | . . . . Parts Recycled . | . . . . Recycled Matter . | . . . . Retrieved Matter . | . . . . Retrieved Components . | . . . . Parts Scanalyzed . | . . . . Part Schematics Acquired . | . . . . Parts Damaged . | . . . . Bothacking | -11 -10 -10 -7 ------------ Run | Yrd Mat Sub Scr Used RIF Installer . | . . . . Robots Hacked . | . . . . Non-combat . | . . . . Combat . | . . . . Robot Hacks Applied . | . . . . Relay Couplers Released . | . . . . Fabnet Peak Effective % . | . . . . Robots Rewired . | . . . . Allies Hacked . | . . . . Hacks Repelled . | . . . . Allies | -11 -10 -10 -7 -------- Run | Yrd Mat Sub Scr Total Allies . | . . . . Largest Group . | . . . . Highest-Rated Group . | . . . . Highest-Rated Ally . | . . . . Total Orders . | . . . . Ally Attacks . | . . . . Total Damage . | . . . . Kills . | . . . . Allies Corrupted . | . . . . Allies Melted . | . . . . Intel | -11 -10 -10 -7 ------- Run | Yrd Mat Sub Scr Active Infowar (turns) 1885 | . . 1882 3 Seismic 1885 | . . 1882 3 Robot Analysis Total . | . . . . Derelict Logs Recovered 3 | . . 3 . Drone Launches . | . . . . Drone Recoveries . | . . . . Exploration | -11 -10 -10 -7 ------------- Run | Yrd Mat Sub Scr Turns Passed 3855 | 168 225 3459 3 Spaces Moved 2335 | 83 133 2119 . Core 18 | 9 . 9 . Treads 1435 | 72 133 1230 . Legs 2 | 2 . . . Wheels 880 | . . 880 . Hover . | . . . . Flight . | . . . . Fastest Speed 50 | 50 160 110 . Average Speed 145 | 147 160 144 . Slowest Speed 550 | 160 160 550 . Overloaded Moves . | . . . . Propulsion Burnouts . | . . . . Robots Hopped . | . . . . Potential Cave-ins . | . . . . Cave-ins Triggered . | . . . . Exploration Rate (%) 37 | 4 31 77 . Regions Visited 3 Branch Regions 2 Pre-discovered Areas 1 | . . 1 . Known Exits Taken . | . . . . Unknown Exits Taken 3 | 1 1 1 . Scrap Searched 2 | . . 2 . Spaces Dug 7 | . . 7 . Terrain Destroyed 7 | . . 7 . Melee . | . . . . Projectile 7 | . . 7 . AOE . | . . . . Terrain Rammed . | . . . . Walls Destroyed . | . . . . Machines Disabled . | . . . . Actions | -11 -10 -10 -7 --------- Run | Yrd Mat Sub Scr Total 2605 | 108 145 2351 1 Wait 107 | . 12 95 . Move 2332 | 82 132 2118 . Hop . | . . . . Pick Up 26 | 9 1 16 . Fast Attach 5 | 3 . 2 . Attach 9 | 3 . 6 . Detach . | . . . . Swap 9 | 1 . 8 . Drop 16 | . . 16 . Fire 97 | 10 . 86 1 Melee . | . . . . Ram . | . . . . Kick . | . . . . Crush . | . . . . Escape Stasis . | . . . . Rewire . | . . . . Trap . | . . . . Miscellaneous 4 | . . 4 . Route ------- -11/Scrapyard -10/Materials (discovered 2 exits: [*Min] / *Sub) -10/Subcaves (discovered 4 exits: [*Mat x2] / [*Rec] / [*Scr]) -7/Scraptown History --------- Turn | Location | Event 9 | -11/Scrapyard | Discovered new exit (range 15) 169 | -11/Scrapyard | Entered Materials 170 | -10/Materials | Met a group of wandering Federalists 282 | -10/Materials | Discovered new exit (range 6) 303 | -10/Materials | Build established: Mutant 389 | -10/Materials | Discovered new exit (range 5) 394 | -10/Materials | Entered Subcaves 395 | -10/Subcaves | Continued accompanying wandering Federalists (5) 395 | -10/Subcaves | Approached by a straggling Scientist 644 | -10/Subcaves | Wandering Federalist uncovered a shortcut to Scraptown 680 | -10/Subcaves | Learned location of 2 exits from Materials 968 | -10/Subcaves | Discovered new exit (range 16) 1156 | -10/Subcaves | Visited 4L-MR0's lab 1180 | -10/Subcaves | Found Gun Armor 2253 | -10/Subcaves | Discovered new exit (range 12) 2451 | -10/Subcaves | Learned location of 1 exit from Materials 2454 | -10/Subcaves | Learned location of Mines (-10) 2599 | -10/Subcaves | Discovered new exit (range 7) 2719 | -10/Subcaves | Visited Clippyterm 2723 | -10/Subcaves | Learned Research machine intel 2931 | -10/Subcaves | Build established: Subdweller-Mutant 3853 | -10/Subcaves | Entered Scraptown 3853 | -7/Scraptown | Attacked by Scraptown defenders 3856 | -7/Scraptown | Self-destructed Last Messages --------------- 03414_ W0-P1K(R): "WEHOME!" 03421_ W0-P1K(R) destroyed. 03424_ Acquired 4 matter. 03426_ Scrap Shield Fragment affixed to Scrap Shield (+21). 03648_ Acquired 16 matter. 03685_ Sub. Monowheel shoots sparks and powers down. 03741_ Dropped Broken Sub. Monowheel. 03742_ Acquired Sub. Monowheel. 03768_ Dropped Scrap Shield. 03771_ Acquired Scrap Shield. 03774_ Acquired Sub. Optics. 03776_ Acquired 20 matter. 03824_ Subatomizers dissect the Sub. Optics. 03828_ Acquired Sub. Monowheel. 03829_ Dropped Lgt. Treads. 03833_ Acquired Sub. Optics. LOCATION=UNKNOWN GOAL=ESCAPE 03853_ Machine disabled. 03853_ ANNOUNCEMENT: Intruder alert! Defend Scraptown! Map ----- +----------------------------------------------------+ | ?????????????????????????????????????????????????? | | ?????????????????????????????????????????????????? | | ?????????????????????????????????????????????????? | | ?????????????????????????????????????????????????? | | ?????????????????????????????????????????????????? | | ?????????????????????????????????????????????????? | | ?????????????????????????????????????????????????? | | ?????????????????????????????????????????????????? | | ?????????????????????????????????????????????????? | | ?????????????????????????????????????????????????? | | ?????????????????????????????????????????????????? | | ?????????????????????????????????????????????????? | | ?????????????????????????????????????????????????? | | ?????????????????????????????????????????????????? | | ?????????????????????????????????????????????????? | | ?????????????????????????????????????????????????? | | ?????????????????????????????????????????????????? | | ?????????????????????????????????????????????????? | | ?????????????????????????????????????????????????? | | ?????????????????????????????????????????????????? | | ?????????????????????????????????????????????????? | | ?????????????????????????????????????????????????? | | ???????????????????????#####?????????????????????? | | ???????????????????????#"""#?????????????????????? | | ???????????????????????#" "#?????????????????????? | | ???????????????????????# @ #?????????????????????? | | ???????????????????????# #?????????????????????? | | ???????????????????????# ????????????????????? | | ???????????????????????# ???????????????????? | | ???????????????????????# ??????????????????? | | ???????????????????????##### ##?????????????????? | | ???????????????????????????? #??????????????????? | | ????????????????????????????? #??????????????????? | | ????????????????????????????? ??????????????????? | | ??????????????????????????????" ?????????????????? | | ?????????????????????????????? ?????????????????? | | ???????????????????????????????""????????????????? | | ?????????????????????????????????????????????????? | | ?????????????????????????????????????????????????? | | ?????????????????????????????????????????????????? | | ?????????????????????????????????????????????????? | | ?????????????????????????????????????????????????? | | ?????????????????????????????????????????????????? | | ?????????????????????????????????????????????????? | | ?????????????????????????????????????????????????? | | ?????????????????????????????????????????????????? | | ?????????????????????????????????????????????????? | | ?????????????????????????????????????????????????? | | | | | +----------------------------------------------------+ Best States ------------- Heat Dissipation 25 Energy Generation 10 Energy Capacity 250 Matter Stores 300 Matter Capacity 300 Sight Range 16 Terrain Scan Density 10 Armor Coverage 800 Evasion (%) 50 Recoil Reduction 2 Item Schematics ----------------- None Robot Schematics ------------------ None Fabricated ------------ Nothing Repaired ---------- Nothing Alien Tech Used ----------------- None Achievements -------------- None Challenges ------------ None Game ------ Seed FluxCoordinationChronowheel Manual? 0 Play Time 00:17:05 Cumulative 125.4 hours Start 2025.08.10 @ 21:37:31 End 2025.08.11 @ 16:50:01 Sessions 3 Manual Loads 0 Difficulty Rogue Special Mode None Game No. 186 Rogue 186 Adventurer 0 Explorer 0 Win Type - Total 1 Types 1/0/0/0/0/0/0/0/0/0 Lore% 68 Gallery% 61 Achievement% 52 Wizard Run 0 Options --------- Layout 0 ASCII 0 Keyboard 0 Movement Mouse Keybinds 0 Fullscreen 1 Font 16/SmallcapsGlow Map View 75x55 Zoom Use 0% Tactical HUD 1 Map Filters NONE Filters NONE Steam 1 RUN: 87b38278-9276-40d4-b175-64a40d91c4d8